AoeStats
← Pedro

Arabia

510858318Analyzed
1v1 RM · 1d ago on Oct 2, 2026· 48m 44s· 2 players
Game mode
Random Map
Map size
Tiny (2 player)
Population
200
Speed
Normal
Resources
Standard
Victory
Conquest
Starting age
Dark Age
Ending age
Imperial Age
RankedLock teamsTeams togetherTeam positionsShared explorationLock speedFull tech treeHidden civsTurbo modeCheats
Victory
Defeat
🇧🇷 Bengalis · Brazil
2334
+14
🇦🇷 Inca · Argentina
2283
-14
DolunaK
5:43 Loom
8:25 Feudal Age
9:06 Double-Bit Axe
12:55 Fletching
20:30 Castle Age
18:45 Horse Collar
19:32 Gold Mining
19:52 Padded Archer Armor
21:19 Bodkin Arrow
23:36 Wheelbarrow
23:53 Gold Shaft Mining
23:30 Bow Saw
24:08 Town Watch
26:20 Heavy Plow
30:14 Elite Skirmisher
31:46 Scale Mail Armor
32:11 Ballistics
38:10 Imperial Age
37:00 Chain Mail Armor
37:54 Leather Archer Armor
38:54 Bracer
39:22 Conscription
40:37 Chemistry
40:08 Thumb Ring
41:09 Ring Archer Armor
41:40 Forging
42:35 Plate Mail Armor
43:23 Iron Casting
43:27 Elite Kamayuk
46:36 Blast Furnace
Pedro
6:32 Loom
9:15 Feudal Age
9:44 Double-Bit Axe
11:53 Fletching
16:25 Wheelbarrow
20:03 Castle Age
18:53 Horse Collar
19:04 Gold Mining
20:06 Scale Barding Armor
20:23 Bloodlines
21:08 Bow Saw
21:13 Light Cavalry
24:06 Husbandry
27:58 Chain Barding Armor
29:43 Heavy Plow
29:53 Town Watch
30:26 Hand Cart
35:07 Imperial Age
33:52 Ballistics
33:42 Stone Mining
33:47 Bodkin Arrow
34:03 Elite Skirmisher
34:53 Padded Archer Armor
35:54 Leather Archer Armor
36:34 Bracer
38:31 Ring Archer Armor
39:15 Gold Shaft Mining
40:09 Chemistry
39:34 Paiks
40:15 Masonry
41:02 Plate Barding Armor
41:26 Conscription
42:01 Elite Elephant Archer
42:46 Guard Tower
44:58 Siege Engineers
46:23 Forging
47:36 Architecture
47:02 Murder Holes
47:42 Keep
46:53 Arrowslits
48:24 Two-Man Saw
48:03 Iron Casting
Connection lost

Rejoining the realm…

Still unreachable

The connection could not be restored.

Session expired

The server has moved on; the page needs a fresh start.